TOP OF THE 1ST |
Santa Barbara Golden Cranes batting - Pitching for Scranton Supernovas : RHP Kent Horton
|
Pitching: RHP Kent Horton
|
|
Batting: RHB Ronald Comejo
|
0-0: Ball 1-0: Foul Ball, location: 2F 1-1: Foul Ball, location: 2F 1-2: Fly out, F7 (Flyball, 78S, EV 88.8 MPH)
|
Batting: LHB Kyle Mullens
|
0-0: Called Strike 0-1: Foul Ball, location: 2F 0-2: Ball 1-2: Ball 2-2: Ball 3-2: Foul Ball, location: 2F 3-2: SINGLE (Line Drive, 4M, EV 99.4 MPH)
|
Batting: RHB James Pike
|
0-0: Ball 1-0: Ball 2-0: Grounds into double play, 6-4-3 (Groundball, 6, EV 82.5 MPH)
|
Top of the 1st over - 0 runs, 1 hit, 0 errors, 0 left on base; Santa Barbara 0 - Scranton 0 |
BOTTOM OF THE 1ST |
Scranton Supernovas batting - Pitching for Santa Barbara Golden Cranes : RHP Toddster Gordo
|
Pitching: RHP Toddster Gordo
|
|
Batting: LHB Luis González
|
0-0: Called Strike 0-1: Ball 1-1: Foul Ball, location: 2F 1-2: Foul Ball, location: 2F 1-2: Foul Ball, location: 2F 1-2: Ground out 4-3 (Groundball, 34D, EV 88.1 MPH)
|
Batting: LHB Bill Stanton
|
0-0: Called Strike 0-1: Fly out, F7 (Flyball, 7S, EV 90.0 MPH)
|
Batting: LHB Ricardo Yates
|
0-0: Ball 1-0: Fly out, F9 (Flyball, 89S, EV 79.4 MPH)
|
Bottom of the 1st over - 0 runs, 0 hits, 0 errors, 0 left on base; Santa Barbara 0 - Scranton 0 |
TOP OF THE 2ND |
Santa Barbara Golden Cranes batting - Pitching for Scranton Supernovas : RHP Kent Horton
|
Batting: LHB Braxton Cottongame
|
0-0: Called Strike 0-1: Ground out U3 (Groundball, 3, EV 86.9 MPH)
|
Batting: RHB Sherman N'Dir
|
0-0: Foul Ball, location: 2F 0-1: Ball 1-1: SOLO HOME RUN (Line Drive, 78XD, EV 108.1 MPH), Distance : 440 ft
|
Batting: LHB Juan Ramírez
|
0-0: Swinging Strike 0-1: Foul Ball, location: 2F 0-2: Ball 1-2: Fly out, F8 (Line Drive, 8RD, EV 103.8 MPH)
|
Batting: RHB António Amaya
|
0-0: Called Strike 0-1: Ball 1-1: Called Strike 1-2: Fly out, F7 (Flyball, 78S, EV 83.8 MPH)
|
Top of the 2nd over - 1 run, 1 hit, 0 errors, 0 left on base; Santa Barbara 1 - Scranton 0 |
BOTTOM OF THE 2ND |
Scranton Supernovas batting - Pitching for Santa Barbara Golden Cranes : RHP Toddster Gordo
|
Batting: LHB Tim Gonzáles
|
0-0: Ball 1-0: Fly out, F8 (Line Drive, 8LD, EV 93.1 MPH)
|
Batting: SHB Marc Cadiou
|
0-0: Ball 1-0: Ball 2-0: Ball 3-0: Called Strike 3-1: Base on Balls
|
Batting: RHB John Willoughby
|
0-0: Fly out, F8 (Line Drive, 8RM, EV 97.5 MPH)
|
Batting: RHB Luke Kreijling
|
0-0: Foul Ball, location: 2F 0-1: Called Strike 0-2: Ball 1-2: Strikes out swinging
|
Bottom of the 2nd over - 0 runs, 0 hits, 0 errors, 1 left on base; Santa Barbara 1 - Scranton 0 |
TOP OF THE 3RD |
Santa Barbara Golden Cranes batting - Pitching for Scranton Supernovas : RHP Kent Horton
|
Batting: RHB Juan Ibarra
|
0-0: Called Strike 0-1: Ball 1-1: Foul Ball, location: 2F 1-2: Ball 2-2: Foul Ball, location: 2F 2-2: Foul Ball, location: 2F 2-2: Strikes out swinging
|
Batting: RHB Ed St. James
|
0-0: Ball 1-0: Fly out, F8 (Flyball, 8LD, EV 88.1 MPH)
|
Batting: RHB Ronald Comejo
|
0-0: Ball 1-0: Foul Ball, location: 2F 1-1: Foul Ball, location: 2F 1-2: SINGLE (Flyball, 8LS, EV 86.9 MPH)
|
Batting: LHB Kyle Mullens
|
0-0: Called Strike 0-1: Ball 1-1: Ball 2-1: SINGLE (Groundball, 34D, EV 99.4 MPH) Ronald Comejo to second Runner from 2nd tries for 3rd, SAFE, no throw by RF
|
Batting: RHB James Pike
|
0-0: Ball 1-0: Ball 2-0: Foul Ball, location: 2F 2-1: Foul Ball, location: 2F 2-2: Ball 3-2: Strikes out swinging
|
Top of the 3rd over - 0 runs, 2 hits, 0 errors, 2 left on base; Santa Barbara 1 - Scranton 0 |
BOTTOM OF THE 3RD |
Scranton Supernovas batting - Pitching for Santa Barbara Golden Cranes : RHP Toddster Gordo
|
Batting: RHB Dam Son
|
0-0: Called Strike 0-1: Foul Ball, location: 2F 0-2: Ball 1-2: Ball 2-2: Ground out 5-3 (Groundball, 5L, EV 103.1 MPH)
|
Batting: LHB Ruhinda Kirkconnell
|
0-0: DOUBLE (Line Drive, 89M, EV 92.5 MPH)
|
Batting: LHB Luis González
|
0-0: Called Strike 0-1: Ball 1-1: Fly out, F8 (Flyball, 8LM, EV 72.5 MPH)
|
Batting: LHB Bill Stanton
|
0-0: Foul Ball, location: 2F 0-1: Ball 1-1: Foul Ball, location: 2F 1-2: Foul Ball, location: 2F 1-2: Ball 2-2: Ball 3-2: DOUBLE (Line Drive, 7LM, EV 101.9 MPH) Ruhinda Kirkconnell scores
|
Batting: LHB Ricardo Yates
|
0-0: Ball 1-0: Ball 2-0: Called Strike 2-1: Foul Ball, location: 2F 2-2: Fly out, F7 (Flyball, 7, EV 93.1 MPH)
|
Bottom of the 3rd over - 1 run, 2 hits, 0 errors, 1 left on base; Santa Barbara 1 - Scranton 1 |
TOP OF THE 4TH |
Santa Barbara Golden Cranes batting - Pitching for Scranton Supernovas : RHP Kent Horton
|
Batting: LHB Braxton Cottongame
|
0-0: Ball 1-0: Called Strike 1-1: Ball 2-1: Ball 3-1: Swinging Strike 3-2: Base on Balls
|
Batting: RHB Sherman N'Dir
|
0-0: Swinging Strike 0-1: TRIPLE (Flyball, 9LD, EV 95.0 MPH) Braxton Cottongame scores
|
Batting: LHB Juan Ramírez
|
0-0: Foul Ball, location: 2F 0-1: Ball 1-1: Ball 2-1: Fly out, F9 (Flyball, 89M, EV 81.9 MPH) Runner from 3rd tags up, SCORES, no throw by RF
|
Batting: RHB António Amaya
|
0-0: Ball 1-0: Ball 2-0: Foul Ball, location: 2F 2-1: Ball 3-1: Fly out, F9 (Flyball, 89D, EV 93.1 MPH)
|
Batting: RHB Juan Ibarra
|
0-0: Ball 1-0: Foul Ball, location: 2F 1-1: Ball 2-1: Foul Ball, location: 2F 2-2: Strikes out swinging
|
Top of the 4th over - 2 runs, 1 hit, 0 errors, 0 left on base; Santa Barbara 3 - Scranton 1 |
BOTTOM OF THE 4TH |
Scranton Supernovas batting - Pitching for Santa Barbara Golden Cranes : RHP Toddster Gordo
|
Batting: LHB Tim Gonzáles
|
0-0: Called Strike 0-1: Ground out U3 (Groundball, 3, EV 86.2 MPH)
|
Batting: SHB Marc Cadiou
|
0-0: Swinging Strike 0-1: Ball 1-1: SINGLE (Groundball, 34D, EV 98.8 MPH)
|
Batting: RHB John Willoughby
|
0-0: Ball 1-0: Called Strike 1-1: Foul Ball, location: 2F 1-2: Ball 2-2: Fly out, F9 (Flyball, 89M, EV 87.5 MPH)
|
Batting: RHB Luke Kreijling
|
0-0: Ball 1-0: Swinging Strike 1-1: Ground out 4-3 (Groundball, 4, EV 84.4 MPH)
|
Bottom of the 4th over - 0 runs, 1 hit, 0 errors, 1 left on base; Santa Barbara 3 - Scranton 1 |
TOP OF THE 5TH |
Santa Barbara Golden Cranes batting - Pitching for Scranton Supernovas : RHP Kent Horton
|
Batting: RHB Ed St. James
|
0-0: Called Strike 0-1: Fly out, F7 (Flyball, 78M, EV 91.9 MPH)
|
Batting: RHB Ronald Comejo
|
0-0: Called Strike 0-1: Called Strike 0-2: Ball 1-2: Ground out 6-3 (Groundball, 6, EV 83.1 MPH)
|
Batting: LHB Kyle Mullens
|
0-0: Ball 1-0: Foul Ball, location: 2F 1-1: Swinging Strike 1-2: Strikes out swinging
|
Top of the 5th over - 0 runs, 0 hits, 0 errors, 0 left on base; Santa Barbara 3 - Scranton 1 |
BOTTOM OF THE 5TH |
Scranton Supernovas batting - Pitching for Santa Barbara Golden Cranes : RHP Toddster Gordo
|
Batting: RHB Dam Son
|
0-0: Called Strike 0-1: Swinging Strike 0-2: Ball 1-2: Strikes out swinging
|
Batting: LHB Ruhinda Kirkconnell
|
0-0: Called Strike 0-1: SINGLE (Flyball, 78S, EV 91.9 MPH)
|
Batting: LHB Luis González
|
0-0: Swinging Strike 0-1: DOUBLE (Line Drive, 8LXD, EV 103.1 MPH) Ruhinda Kirkconnell to third
|
Batting: LHB Bill Stanton
|
0-0: Foul Ball, location: 2F 0-1: Called Strike 0-2: Fly out, F8 (Flyball, 8RXD, EV 96.9 MPH) Runner from 3rd tags up, SCORES, no throw by CF Luis González to third
|
Batting: LHB Ricardo Yates
|
0-0: Called Strike 0-1: Ball 1-1: Ball 2-1: Ball 3-1: Base on Balls
|
Batting: LHB Tim Gonzáles
|
0-0: Fly out, F7 (Line Drive, 7D, EV 92.5 MPH)
|
Bottom of the 5th over - 1 run, 2 hits, 0 errors, 2 left on base; Santa Barbara 3 - Scranton 2 |
TOP OF THE 6TH |
Santa Barbara Golden Cranes batting - Pitching for Scranton Supernovas : RHP Kent Horton
|
Batting: RHB James Pike
|
0-0: Swinging Strike 0-1: Ball 1-1: Foul Ball, location: 2F 1-2: Ball 2-2: Foul Ball, location: 2F 2-2: Foul Ball, location: 2F 2-2: Strikes out swinging
|
Batting: LHB Braxton Cottongame
|
0-0: Called Strike 0-1: Called Strike 0-2: Ball 1-2: Ground out U3 (Groundball, 3, EV 88.1 MPH)
|
Batting: RHB Sherman N'Dir
|
0-0: Called Strike 0-1: Ball 1-1: Ball 2-1: TRIPLE (Line Drive, 9LD, EV 110.0 MPH)
|
Batting: LHB Juan Ramírez
|
0-0: Foul Ball, location: 2F 0-1: Fly out, F7 (Flyball, 7D, EV 89.4 MPH)
|
Top of the 6th over - 0 runs, 1 hit, 0 errors, 1 left on base; Santa Barbara 3 - Scranton 2 |
BOTTOM OF THE 6TH |
Scranton Supernovas batting - Pitching for Santa Barbara Golden Cranes : RHP Toddster Gordo
|
Batting: SHB Marc Cadiou
|
0-0: Called Strike 0-1: Fly out, F9 (Flyball, 9D, EV 91.9 MPH)
|
Batting: RHB John Willoughby
|
0-0: Fly out, F7 (Line Drive, 7S, EV 85.6 MPH)
|
Batting: RHB Luke Kreijling
|
0-0: Ball 1-0: Foul Ball, location: 2F 1-1: Swinging Strike 1-2: Ground out 5-3 (Groundball, 5, EV 85.6 MPH)
|
Bottom of the 6th over - 0 runs, 0 hits, 0 errors, 0 left on base; Santa Barbara 3 - Scranton 2 |
TOP OF THE 7TH |
Santa Barbara Golden Cranes batting - Pitching for Scranton Supernovas : RHP Kent Horton
|
Batting: RHB António Amaya
|
0-0: SINGLE (Flyball, 9LS, EV 96.9 MPH)
|
Pitching: RHP Jon King
|
|
Batting: RHB Juan Ibarra
|
0-0: Ball 1-0: Ball 2-0: Fly out, F7 (Flyball, 7LMF, EV 110.6 MPH)
|
Batting: RHB Ed St. James
|
0-0: Ball Wild Pitch! António Amaya to second 1-0: Ball 2-0: Ground out 5-3 (Groundball, 56S, EV 71.9 MPH) António Amaya to third
|
Batting: RHB Ronald Comejo
|
0-0: Ball 1-0: Foul Ball, location: 2F 1-1: Ball 2-1: Ball 3-1: Swinging Strike 3-2: Strikes out swinging
|
Top of the 7th over - 0 runs, 1 hit, 0 errors, 1 left on base; Santa Barbara 3 - Scranton 2 |
BOTTOM OF THE 7TH |
Scranton Supernovas batting - Pitching for Santa Barbara Golden Cranes : RHP Toddster Gordo
|
Batting: RHB Dam Son
|
0-0: Fly out, F9 (Flyball, 9, EV 85.0 MPH)
|
Batting: LHB Ruhinda Kirkconnell
|
0-0: Ball 1-0: DOUBLE (Line Drive, 9LM, EV 100.0 MPH)
|
Batting: LHB Luis González
|
0-0: SINGLE (Line Drive, 8RS, EV 113.1 MPH) Ruhinda Kirkconnell to third Runner from 3rd tries for Home, SAFE, no throw by CF
|
Batting: LHB Bill Stanton
|
0-0: Called Strike 0-1: Ball 1-1: Ball 2-1: Ball 3-1: Grounds into double play, 6-4-3 (Groundball, 6, EV 91.2 MPH)
|
Bottom of the 7th over - 1 run, 2 hits, 0 errors, 0 left on base; Santa Barbara 3 - Scranton 3 |
TOP OF THE 8TH |
Santa Barbara Golden Cranes batting - Pitching for Scranton Supernovas : RHP Jon King
|
Batting: LHB Kyle Mullens
|
0-0: Ball 1-0: Ground out 6-3 (Groundball, 6MS, EV 80.0 MPH)
|
Batting: RHB James Pike
|
0-0: Ball 1-0: Ground out 6-3 (Groundball, 6, EV 80.0 MPH)
|
Batting: LHB Braxton Cottongame
|
0-0: Called Strike 0-1: Ball 1-1: Swinging Strike 1-2: Ball 2-2: Foul Ball, location: 2F 2-2: Ball 3-2: Foul Ball, location: 2F 3-2: Base on Balls
|
Batting: RHB Sherman N'Dir
|
0-0: Ball Pickoff Throw to First - Out! 1-3
|
Top of the 8th over - 0 runs, 0 hits, 0 errors, 0 left on base; Santa Barbara 3 - Scranton 3 |
BOTTOM OF THE 8TH |
Scranton Supernovas batting - Pitching for Santa Barbara Golden Cranes : RHP Toddster Gordo
|
Batting: LHB Ricardo Yates
|
0-0: Foul Ball, location: 2F 0-1: Ground out U3 (Groundball, 34, EV 82.5 MPH)
|
Batting: LHB Tim Gonzáles
|
0-0: Ball 1-0: Swinging Strike 1-1: Ball 2-1: Ball 3-1: Fly out, F9 (Flyball, 9LMF, EV 109.4 MPH)
|
Batting: SHB Marc Cadiou
|
0-0: Ball 1-0: Foul Ball, location: 2F 1-1: Ball 2-1: Ball 3-1: Base on Balls
|
Pitching: LHP Takejiro Masuda
|
|
Batting: RHB John Willoughby
|
0-0: Called Strike 0-1: Swinging Strike 0-2: Ball 1-2: Strikes out swinging
|
Bottom of the 8th over - 0 runs, 0 hits, 0 errors, 1 left on base; Santa Barbara 3 - Scranton 3 |
TOP OF THE 9TH |
Santa Barbara Golden Cranes batting - Pitching for Scranton Supernovas : RHP Jon King
|
Pitching: RHP Magnus Belli
|
|
Batting: RHB Sherman N'Dir
|
0-0: Ball 1-0: Foul Ball, location: 2F 1-1: Ball 2-1: Fly out, F9 (Line Drive, 9, EV 90.0 MPH)
|
Batting: LHB Juan Ramírez
|
0-0: Foul Ball, location: 2F 0-1: Ball 1-1: Called Strike 1-2: Foul Ball, location: 2F 1-2: Ball 2-2: Foul Ball, location: 2F 2-2: Hit by Pitch
|
Batting: RHB António Amaya
|
0-0: Called Strike 0-1: Ball 1-1: Ball 2-1: Called Strike 2-2: Fly out, F8 (Line Drive, 8RD, EV 89.4 MPH)
|
Pinch Hitting: LHB Arto Toikka
|
0-0: Called Strike 0-1: Ground out 1-3 (Groundball, P, EV 85.0 MPH)
|
Top of the 9th over - 0 runs, 0 hits, 0 errors, 1 left on base; Santa Barbara 3 - Scranton 3 |
BOTTOM OF THE 9TH |
Scranton Supernovas batting - Pitching for Santa Barbara Golden Cranes : LHP Takejiro Masuda
|
Now at C: Benjamin Blunsdon
|
|
Batting: RHB Luke Kreijling
|
0-0: Ball 1-0: Ball 2-0: Ground out 1-3 (Groundball, P, EV 63.1 MPH)
|
Batting: RHB Dam Son
|
0-0: Ball 1-0: Foul Ball, location: 2F 1-1: Ball 2-1: Swinging Strike 2-2: Fly out, F6 (Popup, 6, EV 69.4 MPH)
|
Pinch Hitting: RHB Luis Rodríguez
|
0-0: Ball 1-0: Fly out, F7 (Flyball, 7D, EV 108.8 MPH)
|
Bottom of the 9th over - 0 runs, 0 hits, 0 errors, 0 left on base; Santa Barbara 3 - Scranton 3 |
TOP OF THE 10TH |
Santa Barbara Golden Cranes batting - Pitching for Scranton Supernovas : RHP Magnus Belli
|
Now at SS: Luis Rodríguez
|
|
Batting: RHB Ed St. James
|
0-0: Fly out, F9 (Flyball, 89D, EV 101.9 MPH)
|
Batting: RHB Ronald Comejo
|
0-0: Ball 1-0: Ball 2-0: Ball 3-0: Base on Balls
|
Batting: LHB Kyle Mullens
|
0-0: Ball 1-0: Ball 2-0: Ball 3-0: Called Strike 3-1: Swinging Strike 3-2: Strikes out swinging Ronald Comejo steals 2nd base Batter strikes out.
|
Batting: RHB James Pike
|
0-0: Ball 1-0: Called Strike 1-1: Swinging Strike 1-2: Foul Ball, location: 2F 1-2: Ball Passed Ball! Ronald Comejo to third 2-2: Strikes out swinging
|
Top of the 10th over - 0 runs, 0 hits, 0 errors, 1 left on base; Santa Barbara 3 - Scranton 3 |
BOTTOM OF THE 10TH |
Scranton Supernovas batting - Pitching for Santa Barbara Golden Cranes : LHP Takejiro Masuda
|
Pitching: RHP Roger Taylor
|
|
Batting: LHB Luis González
|
0-0: Called Strike 0-1: Swinging Strike 0-2: Ball 1-2: Strikes out swinging
|
Batting: LHB Bill Stanton
|
0-0: DOUBLE (Line Drive, 89D, EV 100.0 MPH) - OUT at third base trying to stretch hit.
|
Batting: LHB Ricardo Yates
|
0-0: Ball 1-0: Called Strike 1-1: Called Strike 1-2: Ground out 1-3 (Groundball, P, EV 66.9 MPH)
|
Bottom of the 10th over - 0 runs, 1 hit, 0 errors, 0 left on base; Santa Barbara 3 - Scranton 3 |
TOP OF THE 11TH |
Santa Barbara Golden Cranes batting - Pitching for Scranton Supernovas : RHP Magnus Belli
|
Pitching: LHP Einar Engberg
|
|
Batting: LHB Braxton Cottongame
|
0-0: Ball 1-0: Ball 2-0: Foul Ball, location: 2F 2-1: Ground out 5-3 (Groundball, 56, EV 95.0 MPH)
|
Batting: RHB Sherman N'Dir
|
0-0: Called Strike 0-1: Swinging Strike 0-2: Foul Ball, location: 2F 0-2: SINGLE (Groundball, 34S, EV 86.9 MPH) (infield hit)
|
Pinch Hitting: RHB Mario van Heijbeeck
|
0-0: Ball Sherman N'Dir steals 2nd base 1-0: DOUBLE (Groundball, 5L, EV 95.6 MPH) Sherman N'Dir scores
|
Batting: RHB António Amaya
|
0-0: Intentional Walk
|
Batting: RHB Benjamin Blunsdon
|
0-0: Ball 1-0: 3-RUN HOME RUN (Flyball, 7D, EV 89.4 MPH), Distance : 399 ft
|
Pitching: RHP Kent Phillips
|
|
Batting: RHB Ed St. James
|
0-0: Fly out, F9 (Flyball, 9S, EV 82.5 MPH)
|
Batting: RHB Ronald Comejo
|
0-0: Called Strike 0-1: Called Strike 0-2: Foul Ball, location: 2F 0-2: Ball 1-2: SINGLE (Groundball, 6MD, EV 105.6 MPH)
|
Batting: LHB Kyle Mullens
|
0-0: Ball 1-0: Called Strike 1-1: Ball 2-1: Ball 3-1: Called Strike 3-2: Foul Ball, location: 2F 3-2: Base on Balls Ronald Comejo to second
|
Batting: RHB James Pike
|
0-0: Called Strike 0-1: Fly out, F7 (Flyball, 78M, EV 90.6 MPH)
|
Top of the 11th over - 4 runs, 4 hits, 0 errors, 2 left on base; Santa Barbara 7 - Scranton 3 |
BOTTOM OF THE 11TH |
Scranton Supernovas batting - Pitching for Santa Barbara Golden Cranes : RHP Roger Taylor
|
Now in RF: Stanley van de Ven
|
|
Batting: LHB Tim Gonzáles
|
0-0: Called Strike 0-1: Foul Ball, location: 2F 0-2: Fly out, F8 (Flyball, 8LXD, EV 84.4 MPH)
|
Batting: SHB Marc Cadiou
|
0-0: Ball 1-0: Called Strike 1-1: Foul Ball, location: 2F 1-2: Ball 2-2: Ball 3-2: SINGLE (Line Drive, 56D, EV 106.2 MPH)
|
Batting: RHB John Willoughby
|
0-0: SINGLE (Line Drive, 5D, EV 107.5 MPH) Marc Cadiou to second
|
Batting: RHB Luke Kreijling
|
0-0: Ball 1-0: Ball 2-0: Fly out, F4 (Popup, 4, EV 60.6 MPH)
|
Batting: RHB Dam Son
|
0-0: Fly out, F8 (Line Drive, 8RD, EV 90.0 MPH)
|
Bottom of the 11th over - 0 runs, 2 hits, 0 errors, 2 left on base; Santa Barbara 7 - Scranton 3 |
|